 Dungeon Crawl Stone Soup version 0.20.1-1-g8b1a95d (webtiles) character file.

25 Linguinho the Sneak (level 2, 0/22 HPs)
             Began as a Demonspawn Assassin on Oct 30, 2017.
             Hit by a goblin thrown by Robin (2 damage)
             ... on level 2 of the Dungeon.
             The game lasted 00:01:35 (980 turns).

Linguinho the Sneak (Demonspawn Assassin)            Turns: 980, Time: 00:01:36

Health: 0/22       AC:  3    Str: 11    XL:     2   Next: 86%
Magic:  2/2        EV: 11    Int: 12    God:
Gold:   125        SH:  0    Dex: 14    Spells: 1/1 levels left

rFire    . . .     SeeInvis .   v - +0 dagger (venom)
rCold    . . .     Gourm    .   (no shield)
rNeg     . . .     Faith    .   c - +0 robe
rPois    .         Spirit   .   (no helmet)
rElec    .         Reflect  .   d - +0 cloak
rCorr    .         Harm     .   (no gloves)
MR       .....                  (no boots)
Stlth    +++.......             (no amulet)
Regen    0.1/turn               (no ring)
MPRegen  0.1/turn               (no ring)

@: lethally poisoned (0 -> -6)
A: spiny 1
a: no special abilities


You were on level 2 of the Dungeon.
You were not hungry.

You visited 1 branch of the dungeon, and saw 2 of its levels.

You collected 125 gold pieces.

Inventory:

Hand Weapons
 a - a +2 dagger
 b - a +0 blowgun
 j - a +0 dagger
 v - a +0 dagger of venom (weapon)
Missiles
 e - 8 poisoned needles
 f - 2 curare-tipped needles
Armour
 c - a +0 robe (worn)
 d - a +0 cloak (worn)
 n - a +0 ring mail
 o - a cursed +0 chain mail
 p - a +0 ring mail
 r - a +0 ring mail
 s - a +0 ring mail
Jewellery
 m - a +2 ring of intelligence {unknown}
Scrolls
 i - 4 scrolls of identify {unknown}
 k - a scroll of fog {unknown}
 q - 3 scrolls of remove curse {unknown}
Potions
 h - 2 potions of agility {unknown}
 l - a potion of haste {unknown}
 t - a potion of flight {unknown}
 u - a potion of might {unknown}
Comestibles
 g - a bread ration
 w - a meat ration


   Skills:
 + Level 2.1 Fighting
 + Level 1.9 Short Blades
 - Level 1.7 Throwing
 * Level 1.0 Armour
 + Level 0.8 Dodging
 * Level 4.2 Stealth


You had one spell level left.
You didn't know any spells.

Dungeon Overview and Level Annotations

Branches:
Dungeon (2/15)

Altars:
Kikubaaqudgha

Annotations:
D:2 Robin


Innate Abilities, Weirdness & Mutations

You are partially covered in sharp spines.


Message History

Robin roars a battlecry!
The goblins go into a battle-frenzy!
You closely miss the adder.
The adder is lightly wounded.
The adder misses you. The goblin is struck by your spines.
The goblin hits you but does no damage.
You completely miss the adder.
The adder is lightly wounded.
The adder is struck by your spines. The adder bites you.
* * * LOW HITPOINT WARNING * * *
You are lethally poisoned!
The adder poisons you! The goblin barely misses you.
You hit the goblin.
You kill the goblin!
Your Armour skill increases to level 1!
* * * LOW HITPOINT WARNING * * *
You feel sick. The adder bites you.
* * * LOW HITPOINT WARNING * * *
Robin throws the goblin at you!
You die... #... #.. #.. #.# #rg #.# g.g

#####.# #g# #.....# #g#
#.....#
#)##########.....#
#S#..............#
#@#.########......
#g#.#.....<..#####
#.#.#.####.#.##
######.#.#.#.......####
.............#.#.#..#...
................<.......
....$............#..#.#.
###.....###......#..#.#.
#..$..##.....#....#.#.


You could see Robin, an adder, 5 goblins and a rat.

Vanquished Creatures
  A bat (D:1)
  A giant cockroach (D:1)
  9 goblins
  6 hobgoblins
  4 frilled lizards
  A kobold (D:1)
22 creatures vanquished.

Vanquished Creatures (others)
  A human (D:2)
1 creature vanquished.

Grand Total: 23 creatures vanquished

Notes
Turn   | Place    | Note
-------+----------+-------------------------------------------
     0 | D:1      | Linguinho the Demonspawn Assassin began the quest for the Orb.
     0 | D:1      | Reached XP level 1. HP: 16/16 MP: 1/1
   504 | D:1      | Gained mutation: You are partially covered in sharp spines. [demonic ancestry]
   504 | D:1      | Reached XP level 2. HP: 17/22 MP: 2/2
   509 | D:1      | Reached skill level 4 in Stealth
   938 | D:2      | Found an ancient bone altar of Kikubaaqudgha.
   939 | D:2      | Noticed a human
   941 | D:2      | Killed a human
   962 | D:2      | Noticed Robin
   979 | D:2      | Reached skill level 1 in Armour
   980 | D:2      | Hit by a goblin thrown by Robin

Skill      XL: |  1  2 |
---------------+-------+-----
Stealth        | 4 |  4.2
Armour         | 1 |  1.0
Fighting       | |  2.1
Short Blades   | |  1.9
Throwing       | |  1.7
Dodging        | |  0.8

Action                   || total
-------------------------++-------
Melee: Dagger            ||    62
 Stab: Sleeping          ||     2
Armor: Robe              ||    14
Dodge: Dodged            ||    28
